 Dungeon Crawl Stone Soup version 0.20.0-10-g0535bb4 (webtiles) character file.

6007 Gadfly the Carver (level 10, -2/88 HPs)
             Began as a Minotaur Monk on June 7, 2017.
             Was a High Priest of Makhleb.
             Slain by a komodo dragon (26 damage)
             ... on level 1 of the Lair of Beasts.
             The game lasted 00:22:17 (9055 turns).

Gadfly the Carver (Minotaur Monk)                   Turns: 9055, Time: 00:22:18

Health: -2/88      AC: 11    Str: 17 (18) XL:     10   Next: 56%
Magic:  13/13      EV: 14    Int:  7      God:    Makhleb [*****.]
Gold:   249        SH:  0    Dex: 11      Spells: 7/9 levels left

rFire    . . .     SeeInvis .   u - +1 scimitar
rCold    + . .     Gourm    .   (no shield)
rNeg     + + .     Faith    +   v - +2 ring mail {rF+}
rPois    +         Spirit   .   (helmet unavailable)
rElec    .         Reflect  .   b - +0 cloak
rCorr    .         Harm     .   r - +0 pair of gloves
MR       +....                  (no boots)
Stlth    +.........             l - amulet of faith
Regen    0.3/turn               n - ring of positive energy
MPRegen  0.2/turn               w - ring of the Coward {Ice rPois rN+ MR+ Dex-3}

@: no status effects
A: retaliatory headbutt, fangs 1, horns 3, blurry vision 1, deterioration 1
a: Minor Destruction, Lesser Servant of Makhleb, Major Destruction, Greater
Servant of Makhleb, Renounce Religion


You were on level 1 of the Lair of Beasts.
You worshipped Makhleb.
Makhleb was extremely pleased with you.
You were not hungry.

You visited 2 branches of the dungeon, and saw 10 of its levels.
You also visited: Sewer.

You collected 249 gold pieces.

Inventory:

Hand Weapons
 u - a +1 scimitar (weapon)
Armour
 b - a +0 cloak (worn)
 r - a +0 pair of gloves (worn)
 s - a +2 ring mail of poison resistance
 v - a +2 ring mail of fire resistance (worn)
Jewellery
 h - an uncursed ring of resist corrosion
 l - an amulet of faith (around neck)
 n - a ring of positive energy (left hand)
 w - the ring of the Coward (right hand) {Ice rPois rN+ MR+ Dex-3}
   (You found it on level 8 of the Dungeon)

   [ring of ice]

   It enhances your ice magic.
   It affects your dexterity (-3).
   It makes you vulnerable to fire.
   It protects you from cold.
   It protects you from poison.
   It protects you from negative energy.
   It affects your resistance to hostile enchantments.
 y - an uncursed ring of positive energy
Wands
 C - a wand of acid (8/15)
Scrolls
 e - 12 scrolls of identify
 j - 3 scrolls of teleportation
 k - a scroll of fear
 m - 3 scrolls of magic mapping
 z - a scroll of fog
Potions
 a - 2 potions of haste
 d - 2 potions of resistance
 f - 4 potions of flight
 o - a potion of heal wounds
 p - 3 potions of invisibility
 t - a potion of curing
 A - 2 potions of cancellation
Comestibles
 c - 5 bread rations
 g - 8 meat rations
 i - 18 royal jellies
 q - 5 fruits
 x - 5 chunks of flesh


   Skills:
 + Level 8.0 Fighting
 + Level 12.0 Long Blades
 + Level 6.6 Armour
 * Level 8.4 Dodging
 - Level 1.5 Stealth
 * Level 6.4 Invocations


You had 7 spell levels left.
You knew the following spells:

 Your Spells              Type           Power        Failure   Level  Hunger
a - Passwall              Tmut/Erth      #.........   75%         2    ###....


Dungeon Overview and Level Annotations

Branches:
Dungeon (9/15)             Temple (0/1) D:6            Lair (1/6) D:9
    Orc: D:9-12

Altars:
Ashenzari
Cheibriados
Dithmenos
Elyvilon
Gozag
Makhleb
Ru

Shops:
D:4 }

Annotations:
D:5 Prince Ribbit


Innate Abilities, Weirdness & Mutations

You reflexively headbutt those who attack you in melee.
You have a pair of large horns on your head.
You have very sharp teeth.
Scrolls take you a little longer to read.
Your body sometimes deteriorates upon taking damage.


Message History

You headbutt the komodo dragon, but do no damage.
The komodo dragon is moderately wounded.
The spiny frog misses you.
You hit the spiny frog but do no damage.
Your headbutt misses the spiny frog. The komodo dragon bites you!
You hit the spiny frog. Your headbutt misses the spiny frog.
You bite the spiny frog, but do no damage.
The spiny frog is lightly wounded.
You feel sick. The spiny frog stings you!
* * * LOW HITPOINT WARNING * * *
Unknown command.
You feel better. The spiny frog closely misses you.
You riposte.
You hit the spiny frog.
You headbutt the spiny frog, but do no damage.
You bite the spiny frog, but do no damage.
The spiny frog is moderately wounded.
The komodo dragon bites you but does no damage.
The spiny frog closely misses you. The komodo dragon bites you!!
You die...

#............#
.#............#.
.........#......
#......≈≈.≈..# .
#.....†≈≈≈≈..#P.
.#....≈≈≈≈≈≈≈....
....≈≈≈≈≈≈≈≈≈≈...
.#...≈≈≈l≈≈≈≈≈.##
#...≈≈≈F@.≈≈≈≈.#
....≈≈≈≈≈..≈≈≈...
.....≈≈≈≈≈≈≈≈≈...
.....≈≈≈≈≈≈≈≈≈...
......≈≈≈≈≈≈≈..##
........≈≈...###
#.#######....#
#....#


You could see a komodo dragon and a spiny frog.

Vanquished Creatures
  A two-headed ogre (D:9)
  A centaur zombie (D:8)
  Psyche (D:8)
  A troll (D:9)
  3 hippogriffs
  A hungry ghost (D:9)
  Menkaure (D:7)
  Purgy (Sewer)
  A water moccasin (Lair:1)
  3 sky beasts
  2 ice beasts
  3 orc warriors
  A phantom (D:8)
  3 ogres
  2 centaurs (D:9)
  7 bullfrogs
  A scorpion (D:7)
  4 wights (D:9)
  3 howler monkeys
  5 crimson imps
  A bullfrog zombie (D:6)
  Crazy Yiuf (D:2)
  A bullfrog skeleton (D:9)
  4 hounds
  5 orc wizards
  2 orc priests (D:7)
  5 jellies
  3 iguanas
  11 worker ants
  3 hound zombies
  Robin (D:3)
  9 gnolls
  13 adders
  A shadow imp (D:5)
  5 oozes (D:8)
  4 worms
  3 dart slugs
  7 leopard geckos
  30 orcs
  4 bats
  4 giant cockroaches
  14 goblins
  8 hobgoblins
  8 jackals
  3 quokkas
  4 ball pythons
  A ball python skeleton (D:4)
  7 frilled lizards
  A jackal skeleton (D:6)
  8 kobolds
  A quokka skeleton (D:4)
  2 rats (D:1)
219 creatures vanquished.

Notes
Turn   | Place    | Note
-------+----------+-------------------------------------------
     0 | D:1      | Gadfly the Minotaur Monk began the quest for the Orb.
     0 | D:1      | Reached XP level 1. HP: 19/19 MP: 0/0
   232 | D:1      | Reached XP level 2. HP: 21/27 MP: 1/1
   436 | D:1      | Reached skill level 4 in Long Blades
   930 | D:2      | Reached XP level 3. HP: 33/33 MP: 2/2
   935 | D:2      | Found an opulent altar of Gozag.
   936 | D:2      | Found a burning altar of Makhleb.
   940 | D:2      | Became a worshipper of Makhleb the Destroyer
   940 | D:2      | Reached * piety under Makhleb
   940 | D:2      | Reached ** piety under Makhleb
  1023 | D:2      | Found a shattered altar of Ashenzari.
  1068 | D:2      | Found a white marble altar of Elyvilon.
  1151 | D:2      | Found a runed door.
  1171 | D:2      | Noticed Crazy Yiuf
  1177 | D:2      | Killed Crazy Yiuf
  1557 | D:3      | Reached XP level 4. HP: 41/41 MP: 3/3
  1641 | D:3      | Noticed Robin
  1646 | D:3      | Reached skill level 5 in Long Blades
  1661 | D:3      | Killed Robin
  2258 | D:3      | Reached XP level 5. HP: 40/47 MP: 4/4
  2261 | D:3      | Reached skill level 1 in Armour
  2332 | D:3      | Reached *** piety under Makhleb
  3035 | D:4      | Found a glowing drain.
  3054 | Sewer    | Entered a sewer
  3084 | Sewer    | Noticed Purgy
  3107 | Sewer    | Killed Purgy
  3107 | Sewer    | Reached skill level 1 in Invocations
  3107 | Sewer    | Reached XP level 6. HP: 30/55 MP: 5/5
  3444 | D:4      | Reached skill level 6 in Long Blades
  3903 | D:4      | Found Gyaram's Gadget Emporium.
  4010 | D:4      | Reached skill level 5 in Fighting
  4183 | D:5      | Entered Level 5 of the Dungeon
  4197 | D:5      | Reached **** piety under Makhleb
  4228 | D:5      | Reached XP level 7. HP: 61/61 MP: 7/7
  4237 | D:5      | Reached skill level 5 in Dodging
  4837 | D:5      | Noticed Prince Ribbit
  5079 | D:5      | Reached skill level 7 in Long Blades
  5117 | D:6      | Found a staircase to the Ecumenical Temple.
  5147 | D:6      | Learned a level 2 spell: Passwall
  5256 | D:6      | Reached XP level 8. HP: 39/69 MP: 9/9
  5437 | D:6      | Found a snail-covered altar of Cheibriados.
  6038 | D:7      | Reached skill level 8 in Long Blades
  6116 | D:7      | Gained mutation: You have a pair of large horns on your head. [mutagenic meat]
  6117 | D:7      | Gained mutation: You have very sharp teeth. [mutagenic meat]
  6119 | D:7      | Gained mutation: Your body sometimes deteriorates upon taking damage. [mutagenic meat]
  6121 | D:7      | Gained mutation: Scrolls take you a little longer to read. [mutagenic meat]
  6231 | D:7      | Reached skill level 5 in Armour
  6345 | D:7      | Reached ***** piety under Makhleb
  6434 | D:7      | Noticed Menkaure
  6436 | D:7      | Reached skill level 9 in Long Blades
  6440 | D:7      | Killed Menkaure
  6765 | D:7      | Reached XP level 9. HP: 75/75 MP: 11/11
  7065 | D:8      | Reached skill level 10 in Long Blades
  7335 | D:8      | Noticed Psyche
  7340 | D:8      | Killed Psyche
  7340 | D:8      | Reached skill level 5 in Invocations
  7712 | D:8      | Found a sacrificial altar of Ru.
  7718 | D:8      | Got a fine iron ring
  7720 | D:8      | Identified the ring of the Coward {Ice rPois rN+ MR+ Dex-3} (You found it on level 8 of the Dungeon)
  7964 | D:9      | Reached skill level 11 in Long Blades
  7971 | D:9      | Found a staircase to the Lair.
  8052 | D:9      | Reached XP level 10. HP: 86/86 MP: 13/13
  8571 | D:9      | Noticed a two-headed ogre
  8580 | D:9      | Killed a two-headed ogre
  8822 | D:9      | Found a shadowy altar of Dithmenos.
  9025 | Lair:1   | Entered Level 1 of the Lair of Beasts
  9038 | Lair:1   | Reached skill level 12 in Long Blades
  9044 | Lair:1   | Noticed a spiny frog
  9055 | Lair:1   | Slain by a komodo dragon

Skill      XL: |  1  2  3  4  5  6  7  8  9 10 |
---------------+-------------------------------+-----
Fighting       | 4 5 6 7 8 |  8.0
Long Blades    | 4 5 6 7 9 11 12 | 12.0
Dodging        | 4 5 6 7 8 |  8.4
Armour         | 2 3 4 5 6 |  6.6
Invocations    | 1 2 3 4 5 6 |  6.4
Stealth        | |  1.5

Action                   |  1- 3 |  4- 6 |  7- 9 | 10-12 || total
-------------------------+-------+-------+-------+-------++-------
Melee: Falchion          |    61 |   137 |   138 |       ||   336
       Headbutt          |     6 |    25 |    81 |    22 ||   134
       Scimitar          |       |       |   180 |   117 ||   297
       Bite              |       |       |    22 |    14 ||    36
Invok: Minor Destruction |     4 |     6 |     6 |       ||    16
       Major Destruction |       |       |     1 |       ||     1
  Use: Scroll            |       |     6 |     6 |     2 ||    14
       Potion            |       |     3 |     1 |     1 ||     5
 Stab: Sleeping          |     2 |     2 |     1 |       ||     5
  Eat: Chunk             |     2 |     8 |    19 |     6 ||    35
Armor: Robe              |    10 |       |       |       ||    10
       Leather armour    |     3 |    33 |       |       ||    36
       Ring mail         |       |     6 |    84 |    48 ||   138
Dodge: Dodged            |    48 |   134 |   185 |    69 ||   436
       Rpst.: Falchion   |     8 |    32 |    24 |       ||    64
       Scimitar          |       |       |    24 |    15 ||    39
